 Dungeon Sprint DCSS version 0.31-a0-640-g39d97e502b (webtiles) character file.

Game seed: 17719881932782712859

26 jt the Ruffian (level 3, 5/33 HPs)
             Began as a Naga Shapeshifter on Aug 28, 2023.
             Got out of the dungeon alive.
             The game lasted 00:01:32 (169 turns).

jt the Ruffian (Naga Shapeshifter)                   Turns: 169, Time: 00:01:33

Health: 5/33       AC:  4    Str: 18    XL:     3   Next: 8%
Magic:  3/3        EV:  8    Int: 10    God:
Gold:   0          SH:  0    Dex: 10    Spells: 2/2 levels left

rFire   . .          .
                       - Unarmed
rCold   . . .        (no shield)
rNeg    . . .        k - +0 scale mail
rPois   +            (helmet currently unavailable)
rElec   .            (cloak currently unavailable)
rCorr   .            (gloves currently unavailable)
SInv    +            (no barding)
Will    .....        (no amulet) Stlth
                     (no ring)
HPRegen 0.25/turn    (no ring)
MPRegen 0.08/turn

%: no teleportation
@: beast-form, very slow
A: beast (slay +2), AC +1, large, see invisible, deformed body, poison
resistance, slowness 2, spit poison 1, naga tail 1
a: Spit Poison, Begin Untransformation


You escaped.
You were a hulking beast.
You visited 1 branch

Inventory:

Hand Weapons
 f - a +0 club
Armour
 a - a +0 animal skin
 k - a +0 scale mail (worn)
Talismans
 c - a beast talisman (active)
 d - a flux talisman
Wands
 e - a wand of charming (2)
Scrolls
 j - a scroll of blinking
Potions
 b - a potion of lignification
 g - a potion of haste
 h - 2 potions of magic
 i - a potion of berserk rage


   Skills:
 + Level 2.9 Fighting
 + Level 0.0 Armour
 - Level 2.8 Dodging
 + Level 4.1 Unarmed Combat
 + Level 0.0 Evocations
 + Level 4.0 Shapeshifting


You had 2 spell levels left.
You didn't know any spells.
Your spell library was empty.

Dungeon Overview and Level Annotations

Branches:
Dungeon (1/1)

Altars:

Annotations:
D Sigmund


Innate Abilities, Weirdness & Mutations

You are a hulking beast.
Your limbs bulge with bestial killing power. (Slay +2)
Your serpentine skin is tough. (AC +1)
You have supernaturally acute eyesight. (SInv)
Armour fits poorly on your strangely shaped body.
Your system is resistant to poisons. (rPois)
You cover ground very slowly.
You can spit poison.
You have a snake-like lower body.


Message History

Sigmund breathes a few words.
Sigmund's hands start flickering wildly.
Sigmund casts a spell at you. The puff of flame hits you.
* * * LOW HITPOINT WARNING * * *
Sigmund mumbles some strange words.
Sigmund flickers and vanishes for a moment.
There is an open door here.
Aiming: Spit Poison (2% risk of failure)
Press: ? - help, Shift-Dir - straight line, f/p - Sigmund
Aim: Sigmund, wielding a +0 scythe and wearing a +0 robe (moderately wounded, slightly transparent, 54% to hit)
The splash of poison hits Sigmund.
Sigmund is moderately wounded.
What are your orders? t - Shout!
Orders for allies: a - Attack new target. p - Attack previous target. r - Retreat! s - Stop attacking. g - Guard the area. f - Follow me.
Anything else - Cancel.
Gang up on whom?
Press: ? - help, Dir - move target, f/p - Sigmund
Aim: Sigmund, wielding a +0 scythe and wearing a +0 robe (moderately wounded, slightly transparent)
Okay, then.
Sigmund says, "I'm your fate."
Sigmund points at you and mumbles some strange words.
Your ogre resists with some effort.
What are your orders? t - Shout!
Orders for allies: a - Attack new target. p - Attack previous target. r - Retreat! s - Stop attacking. g - Guard the area. f - Follow me.
Anything else - Cancel.
Gang up on whom?
Press: ? - help, Dir - move target, f/p - Sigmund
Aim: Sigmund, wielding a +0 scythe and wearing a +0 robe (moderately wounded, slightly transparent) Sigmund is invisible, and you have no allies that can see him.
You have got your breath back.
There is an open door here.
There is a staircase leading out of the dungeon here.
You have escaped!

########## #
#hO#..'..#..+
#..@..#..'..#
#..#####+####
#..# #..#
#..# #⌠⌠#
####


You could see Sigmund (invisible) and a friendly ogre (charmed).

Vanquished Creatures
  Ijyb (D)
1 creature vanquished.

Notes
Turn   | Place    | Note
-------+----------+-------------------------------------------
     0 | D        | jt the Naga Shapeshifter began the quest for the Orb.
     0 | D        | Reached XP level 1. HP: 18/18 MP: 1/1
     2 | D        | Noticed Ijyb
    39 | D        | Killed Ijyb
    40 | D        | Reached XP level 2. HP: 6/27 MP: 2/2
    40 | D        | Reached XP level 3. HP: 8/33 MP: 3/3
   144 | D        | Noticed an ogre
   159 | D        | Noticed Sigmund
   169 | D        | Got out of the dungeon alive.

Illustrated notes

Levels and vault maps discovered:
D:        dungeon_sprint_1 [red_sonja_temple_1, red_sonja_temple_small_1]

Skill      XL: |  1 |
---------------+----+-----
Fighting       | 2 |  2.9
Dodging        | 2 |  2.8
Unarmed Combat | 4 |  4.1
Shapeshifting  | 4 |  4.0

Action                     || total
---------------------------++-------
  Melee: Unarmed           ||    15
         Punch             ||     2
Ability: Spit Poison       ||     4
  Evoke: Wand              ||     8
    Use: Potion            ||     2
 Armour: Animal skin       ||     1
  Dodge: Dodged            ||    10

Table legend: (Time is in decaauts)
 A = Elapsed time spent in this place.
 B = Non-inter-level travel time spent in this place.
 C = Inter-level travel time spent in this place.
 D = Time resting spent in this place.
 E = Time spent auto-exploring this place.
 F = Levels seen in this place.
 G = Mean time per level.
                   A        B        C        D        E       F      G
               +--------+--------+--------+--------+--------+-----+--------+
         Total |    177 |    177 |      0 |     86 |      0 |   1 |  177.0 |
       Dungeon |    177 |    177 |      0 |     86 |      0 |   1 |  177.0 |
               +--------+--------+--------+--------+--------+-----+--------+

Top non-repeatable levels by time:
       D: 177 daAuts
